TOP OF THE 1ST |
Calgary Lynx batting - Pitching for Baltimore Black Sox : RHP Chris Hayes
|
Pitching: RHP Chris Hayes
|
|
Batting: RHB Dhyana Snigdha
|
0-0: Ball 1-0: Called Strike 1-1: Ball 2-1: Ball 3-1: Called Strike 3-2: Strikes out swinging
|
Batting: LHB Daniel García
|
0-0: Foul Ball, location: 2F 0-1: Swinging Strike 0-2: Fly out, F8 (Flyball, 78D)
|
Batting: LHB Xuan-ling Chen
|
0-0: DOUBLE (Groundball, 3L)
|
Batting: RHB Alberto Salas
|
0-0: Foul Ball, location: 2F 0-1: Swinging Strike 0-2: Foul Ball, location: 2F 0-2: Strikes out swinging
|
Top of the 1st over - 0 runs, 1 hit, 0 errors, 1 left on base; Calgary 0 - Baltimore 0 |
BOTTOM OF THE 1ST |
Baltimore Black Sox batting - Pitching for Calgary Lynx : RHP John Dempsey
|
Pitching: RHP John Dempsey
|
|
Batting: LHB Ramón Flores
|
0-0: Ball 1-0: Called Strike 1-1: Ball 2-1: Foul Ball, location: 2F 2-2: Strikes out swinging
|
Batting: RHB Armando Alvarado
|
0-0: Foul Ball, location: 2F 0-1: Foul Ball, location: 2F 0-2: Foul Ball, location: 2F 0-2: Foul Ball, location: 2F 0-2: Strikes out swinging
|
Batting: RHB Daniel Bertrand
|
0-0: Called Strike 0-1: Ball 1-1: Ball 2-1: Foul Ball, location: 2F 2-2: Strikes out swinging
|
Bottom of the 1st over - 0 runs, 0 hits, 0 errors, 0 left on base; Calgary 0 - Baltimore 0 |
TOP OF THE 2ND |
Calgary Lynx batting - Pitching for Baltimore Black Sox : RHP Chris Hayes
|
Batting: RHB Luis Delvalle
|
0-0: Ball 1-0: SINGLE (Flyball, 5D)
|
Batting: RHB Bertrand Pick
|
0-0: Called Strike 0-1: Ball 1-1: Foul Ball, location: 2F 1-2: DOUBLE (Line Drive, 78D) Luis Delvalle to third Runner from 3rd tries for Home, SAFE, no throw
|
Batting: RHB Joe Ferguson
|
0-0: Ball 1-0: Called Strike 1-1: Foul Ball, location: 2F 1-2: Ball 2-2: Ground out 4-3 (Groundball, 4) Bertrand Pick to third
|
Batting: RHB Dave Sosa
|
0-0: Ball 1-0: Called Strike 1-1: Fly out, F8 (Flyball, 8RS)
|
Batting: RHB Rubén Medina
|
0-0: Ball 1-0: Foul Ball, location: 2F 1-1: Called Strike 1-2: Ball 2-2: Ground out 4-3 (Groundball, 4D)
|
Top of the 2nd over - 1 run, 2 hits, 0 errors, 1 left on base; Calgary 1 - Baltimore 0 |
BOTTOM OF THE 2ND |
Baltimore Black Sox batting - Pitching for Calgary Lynx : RHP J.J. Spencer
|
Pitching: RHP J.J. Spencer
|
|
Batting: LHB Henry Madore
|
0-0: Ball 1-0: Ball 2-0: Ball 3-0: Called Strike 3-1: Ground out U3 (Groundball, 34)
|
Batting: RHB Berihun Tukufu
|
0-0: Foul Ball, location: 2F 0-1: SINGLE (Flyball, 9LS)
|
Batting: RHB Raúl Cicerón
|
0-0: Fly out, F6 (Line Drive, 6)
|
Batting: LHB Marcos Costa
|
0-0: Foul Ball, location: 2F 0-1: Fly out, F6 (Line Drive, 6M)
|
Bottom of the 2nd over - 0 runs, 1 hit, 0 errors, 1 left on base; Calgary 1 - Baltimore 0 |
TOP OF THE 3RD |
Calgary Lynx batting - Pitching for Baltimore Black Sox : RHP Chris Hayes
|
Batting: RHB Dhyana Snigdha
|
0-0: Ball 1-0: Called Strike 1-1: Foul Ball, location: 2F 1-2: Foul Ball, location: 2F 1-2: Strikes out looking
|
Batting: LHB Daniel García
|
0-0: Ball 1-0: Ball 2-0: Ball 3-0: Base on Balls
|
Batting: LHB Xuan-ling Chen
|
0-0: Ball 1-0: Fly out, F5 (Popup, 56S)
|
Batting: RHB Alberto Salas
|
0-0: Called Strike 0-1: Ball 1-1: Called Strike 1-2: Foul Ball, location: 2F 1-2: Fly out, F8 (Flyball, 8RS)
|
Top of the 3rd over - 0 runs, 0 hits, 0 errors, 1 left on base; Calgary 1 - Baltimore 0 |
BOTTOM OF THE 3RD |
Baltimore Black Sox batting - Pitching for Calgary Lynx : RHP J.J. Spencer
|
Batting: RHB Lee Storment
|
0-0: Called Strike 0-1: Ball 1-1: Called Strike 1-2: SINGLE (Line Drive, 89M)
|
Batting: SHB Alex Mable
|
0-0: Reached on error, E4 (Groundball, 4) Lee Storment to second
|
Batting: LHB Ramón Flores
|
0-0: Called Strike 0-1: SINGLE (Groundball, 6MD) Lee Storment to third Alex Mable to second Runner from 3rd tries for Home, SAFE, throw made home
|
Batting: RHB Armando Alvarado
|
0-0: Called Strike 0-1: Ball 1-1: Fly out, F9 (Flyball, 9)
|
Batting: RHB Daniel Bertrand
|
0-0: Called Strike 0-1: Swinging Strike 0-2: Ball 1-2: Ball 2-2: Strikes out swinging
|
Batting: LHB Henry Madore
|
0-0: Ball 1-0: Ball 2-0: Ball 3-0: Base on Balls Alex Mable to third Ramón Flores to second
|
Batting: RHB Berihun Tukufu
|
0-0: Ball 1-0: Called Strike 1-1: Foul Ball, location: 2F 1-2: Foul Ball, location: 2F 1-2: Ball 2-2: Fly out, F8 (Flyball, 8LXD)
|
Bottom of the 3rd over - 1 run, 2 hits, 1 error, 3 left on base; Calgary 1 - Baltimore 1 |
TOP OF THE 4TH |
Calgary Lynx batting - Pitching for Baltimore Black Sox : RHP Chris Hayes
|
Batting: RHB Luis Delvalle
|
0-0: Foul Ball, location: 2F 0-1: Foul Ball, location: 2F 0-2: Ball 1-2: Ball 2-2: Ball 3-2: Strikes out swinging
|
Batting: RHB Bertrand Pick
|
0-0: Foul Ball, location: 2F 0-1: Fly out, F7 (Flyball, 7)
|
Batting: RHB Joe Ferguson
|
0-0: Called Strike 0-1: Ball 1-1: Foul Ball, location: 2F 1-2: SINGLE (Flyball, 7LS)
|
Batting: RHB Dave Sosa
|
0-0: Foul Ball, location: 2F 0-1: Ball Joe Ferguson steals 2nd base 1-1: Ball 2-1: SINGLE (Groundball, 56D) Joe Ferguson to third Runner from 3rd tries for Home, SAFE, no throw
|
Batting: RHB Rubén Medina
|
0-0: Ball 1-0: Swinging Strike 1-1: Foul Ball, location: 2F 1-2: Strikes out swinging
|
Top of the 4th over - 1 run, 2 hits, 0 errors, 1 left on base; Calgary 2 - Baltimore 1 |
BOTTOM OF THE 4TH |
Baltimore Black Sox batting - Pitching for Calgary Lynx : RHP J.J. Spencer
|
Batting: RHB Raúl Cicerón
|
0-0: Ball 1-0: Ball 2-0: Ball 3-0: Base on Balls
|
Batting: LHB Marcos Costa
|
0-0: SINGLE (Line Drive, 8RS) Raúl Cicerón to second
|
Batting: RHB Lee Storment
|
0-0: SINGLE (Line Drive, 6MD) Raúl Cicerón to third Marcos Costa to second
|
Batting: SHB Alex Mable
|
0-0: Ball 1-0: Called Strike 1-1: Foul Ball, location: 2F 1-2: SINGLE (Groundball, 4MD) Raúl Cicerón scores Marcos Costa to third Lee Storment to second Runner from 3rd tries for Home, SAFE, no throw
|
Batting: LHB Ramón Flores
|
0-0: Ball 1-0: Fly out, F6 (Line Drive, 6)
|
Batting: RHB Armando Alvarado
|
0-0: Ball 1-0: Fly out, F9 (Line Drive, 89D) Runner from 2nd tags up, SAFE at 3rd, no throw
|
Batting: RHB Daniel Bertrand
|
0-0: Ball 1-0: Foul Ball, location: 2F 1-1: Ball 2-1: Fly out, F3 (Line Drive, 3L)
|
Bottom of the 4th over - 2 runs, 3 hits, 0 errors, 2 left on base; Calgary 2 - Baltimore 3 |
TOP OF THE 5TH |
Calgary Lynx batting - Pitching for Baltimore Black Sox : RHP Chris Hayes
|
Batting: RHB Dhyana Snigdha
|
0-0: Called Strike 0-1: Ball 1-1: SINGLE (Line Drive, 89S)
|
Batting: LHB Daniel García
|
0-0: Bunt - Flyout! F5
|
Batting: LHB Xuan-ling Chen
|
0-0: Ball 1-0: Called Strike 1-1: Ball 2-1: Swinging Strike 2-2: Strikes out looking
|
Batting: RHB Alberto Salas
|
0-0: Called Strike 0-1: Ball 1-1: Ball 2-1: Ball 3-1: Fielders Choice at 2nd, 6-4 (Groundball, 6)
|
Top of the 5th over - 0 runs, 1 hit, 0 errors, 1 left on base; Calgary 2 - Baltimore 3 |
BOTTOM OF THE 5TH |
Baltimore Black Sox batting - Pitching for Calgary Lynx : RHP J.J. Spencer
|
Batting: LHB Henry Madore
|
0-0: SINGLE (Groundball, 3D)
|
Batting: RHB Berihun Tukufu
|
0-0: Ball 1-0: SINGLE (Flyball, 9S) Henry Madore to second Runner from 2nd tries for 3rd, SAFE, no throw
|
Pitching: RHP Juan Valéncia
|
|
Batting: RHB Raúl Cicerón
|
0-0: Called Strike 0-1: Ball 1-1: Fielders Choice at 2nd, 4-6 (Groundball, 4) Henry Madore scores
|
Batting: LHB Marcos Costa
|
0-0: Called Strike 0-1: Ball 1-1: Ball 2-1: Ball 3-1: Called Strike 3-2: Fly out, F9 (Flyball, 9)
|
Batting: RHB Lee Storment
|
0-0: Swinging Strike 0-1: Ball 1-1: Ball 2-1: Called Strike 2-2: Foul Ball, location: 2F 2-2: Ball Raúl Cicerón is caught stealing 2nd base
|
Bottom of the 5th over - 1 run, 2 hits, 0 errors, 0 left on base; Calgary 2 - Baltimore 4 |
TOP OF THE 6TH |
Calgary Lynx batting - Pitching for Baltimore Black Sox : RHP Chris Hayes
|
Batting: RHB Luis Delvalle
|
0-0: Ball 1-0: Ball 2-0: Swinging Strike 2-1: Foul Ball, location: 2F 2-2: Ball 3-2: Base on Balls
|
Batting: RHB Bertrand Pick
|
0-0: Swinging Strike 0-1: SINGLE (Line Drive, 3D) Luis Delvalle to second
|
Batting: RHB Joe Ferguson
|
0-0: Ball 1-0: Bunted foul 1-1: Bunt missed! 1-2: Ground out 5-3 (Groundball, 25) Luis Delvalle to third Bertrand Pick to second
|
Batting: RHB Dave Sosa
|
0-0: Called Strike 0-1: SINGLE (Flyball, 8LS) Luis Delvalle scores Bertrand Pick to third
|
Batting: RHB Rubén Medina
|
0-0: Called Strike 0-1: Swinging Strike 0-2: Ball 1-2: Strikes out looking
|
Batting: RHB Dhyana Snigdha
|
0-0: Called Strike 0-1: Ball 1-1: Fly out, F9 (Flyball, 9)
|
Top of the 6th over - 1 run, 2 hits, 0 errors, 2 left on base; Calgary 3 - Baltimore 4 |
BOTTOM OF THE 6TH |
Baltimore Black Sox batting - Pitching for Calgary Lynx : RHP Juan Valéncia
|
Batting: RHB Lee Storment
|
0-0: Called Strike 0-1: Ground out U3 (Groundball, 3)
|
Batting: SHB Alex Mable
|
0-0: Called Strike 0-1: Called Strike 0-2: Fly out, F5 (Popup, 15S)
|
Batting: LHB Ramón Flores
|
0-0: Ball 1-0: Ball 2-0: Swinging Strike 2-1: Ball 3-1: Ground out 6-3 (Groundball, 56)
|
Bottom of the 6th over - 0 runs, 0 hits, 0 errors, 0 left on base; Calgary 3 - Baltimore 4 |
TOP OF THE 7TH |
Calgary Lynx batting - Pitching for Baltimore Black Sox : RHP Chris Hayes
|
Batting: LHB Daniel García
|
0-0: Called Strike 0-1: Swinging Strike 0-2: Strikes out swinging
|
Batting: LHB Xuan-ling Chen
|
0-0: Ball 1-0: Ball 2-0: Ball 3-0: Called Strike 3-1: Called Strike 3-2: Base on Balls
|
Batting: RHB Alberto Salas
|
0-0: Called Strike 0-1: Ball 1-1: SINGLE (Flyball, 9LS) Xuan-ling Chen to second Runner from 2nd tries for 3rd, SAFE, no throw
|
Batting: RHB Luis Delvalle
|
0-0: Swinging Strike 0-1: Foul Ball, location: 2F 0-2: Strikes out looking
|
Batting: RHB Bertrand Pick
|
0-0: Ball 1-0: Ball 2-0: Fly out, F9 (Flyball, 9)
|
Top of the 7th over - 0 runs, 1 hit, 0 errors, 2 left on base; Calgary 3 - Baltimore 4 |
BOTTOM OF THE 7TH |
Baltimore Black Sox batting - Pitching for Calgary Lynx : RHP Juan Valéncia
|
Batting: RHB Armando Alvarado
|
0-0: Ground out 4-3 (Groundball, 4)
|
Batting: RHB Daniel Bertrand
|
0-0: Ball 1-0: Fly out, F9 (Flyball, 9LM)
|
Batting: LHB Henry Madore
|
0-0: Called Strike 0-1: Ground out 4-3 (Groundball, 4)
|
Bottom of the 7th over - 0 runs, 0 hits, 0 errors, 0 left on base; Calgary 3 - Baltimore 4 |
TOP OF THE 8TH |
Calgary Lynx batting - Pitching for Baltimore Black Sox : RHP Chris Hayes
|
Batting: RHB Joe Ferguson
|
0-0: Fly out, F9 (Flyball, 9D)
|
Batting: RHB Dave Sosa
|
0-0: Called Strike 0-1: Ball 1-1: Ground out 5-3 (Groundball, 56S)
|
Batting: RHB Rubén Medina
|
0-0: Ball 1-0: Ball 2-0: SINGLE (Groundball, 6M) (infield hit)
|
Pitching: RHP Martín García
|
|
Batting: RHB Dhyana Snigdha
|
0-0: Ball 1-0: Ground out 4-3 (Groundball, 34D)
|
Top of the 8th over - 0 runs, 1 hit, 0 errors, 1 left on base; Calgary 3 - Baltimore 4 |
BOTTOM OF THE 8TH |
Baltimore Black Sox batting - Pitching for Calgary Lynx : RHP Juan Valéncia
|
Batting: RHB Berihun Tukufu
|
0-0: Ball 1-0: Ground out 5-3 (Groundball, 56)
|
Batting: RHB Raúl Cicerón
|
0-0: Called Strike 0-1: Swinging Strike 0-2: Ground out 6-3 (Groundball, 6)
|
Batting: LHB Marcos Costa
|
0-0: Ball 1-0: Ball 2-0: Foul Ball, location: 2F 2-1: Ball 3-1: Swinging Strike 3-2: Foul Ball, location: 2F 3-2: Strikes out swinging
|
Bottom of the 8th over - 0 runs, 0 hits, 0 errors, 0 left on base; Calgary 3 - Baltimore 4 |
TOP OF THE 9TH |
Calgary Lynx batting - Pitching for Baltimore Black Sox : RHP Martín García
|
Pitching: RHP Bob Christison
|
|
Now at C: Tomás Valenzuela
|
|
Now in RF: Maikel Cobblepot
|
|
Batting: LHB Daniel García
|
0-0: Ground out U3 (Groundball, 3)
|
Batting: LHB Xuan-ling Chen
|
0-0: Ball 1-0: Ball 2-0: Ball 3-0: Base on Balls
|
Batting: RHB Alberto Salas
|
0-0: Ball 1-0: Ball 2-0: Swinging Strike 2-1: Foul Ball, location: 2F 2-2: Fly out, F7 (Flyball, 78M)
|
Batting: RHB Luis Delvalle
|
0-0: Called Strike 0-1: Ball 1-1: Ball 2-1: SINGLE (Flyball, 7S) Xuan-ling Chen to second
|
Batting: RHB Bertrand Pick
|
0-0: Ball 1-0: Called Strike 1-1: Called Strike 1-2: Foul Ball, location: 2F 1-2: Strikes out looking
|
Top of the 9th over - 0 runs, 1 hit, 0 errors, 2 left on base; Calgary 3 - Baltimore 4 |
|